Map: Emerald City LE

Players

qqq - Winner!

  • Race: Zerg Zerg
  • Spawn Location: 11:00

Massa - Winner!

  • Race: Terran Terran
  • League: Gold
  • Spawn Location: 11:00

eYeballz

  • Race: Protoss Protoss
  • League: Diamond
  • Spawn Location: 5:00

Jobi

  • Race: Terran Terran
  • League: Platinum
  • Spawn Location: 5:00

VOD

Have the link to the VOD?

Description

Time

  • Played on: June 24, 2020, 3:36 p.m.
  • Length: 5:54
Show
View Real Time Build Order
Export as new Build Order

qqq Zerg - Winner!

Build Orders: Hatch First 

Get SALT Encoding   

  12  0:03  Drone  
  13  0:32  Hatchery  
  12  0:40  Overlord  
  12  0:44  Drone  
  12  0:48  Drone  
  14  1:07  Spawning Pool  
  14  1:08  Extractor  
  12  1:12  Drone  
  12  1:16  Drone  
  14  1:25  Drone  
  15  1:26  Drone  
  16  1:37  Drone  
  17  1:45  Drone  
  17  1:46  Drone  
  19  1:57  Queen  
  19  1:59  Drone  
  19  2:00  Drone  
  23  2:06  Drone  
  24  2:13  Metabolic Boost  
  24  2:18  Overlord  
  24  2:21  Drone  
  24  2:22  Zergling x2  
  27  2:30  Zergling x2  
  27  2:36  Queen  
  29  2:38  Zergling x2  
  29  2:42  Overlord  
  30  2:45  Zergling x2  
  30  2:49  Zergling x2  
  30  2:51  Zergling x2  
  33  3:01  Zergling x2  
  33  3:03  Zergling x2  
  35  3:07  Overlord  
  35  3:08  Zergling x4  
  37  3:19  Zergling x2  
  38  3:23  Drone, Zergling x2  
  40  3:36  Drone  
  40  3:37  Zergling x2  
  40  3:39  Zergling x2  
  40  3:41  Hatchery  
  42  3:43  Drone  
  43  3:49  Zergling x2  
  43  3:50  Zergling x2  
  43  3:51  Drone  
  43  3:53  Zergling x2  
  47  3:57  Zergling x2  
  47  3:59  Zergling x2  
  47  4:01  Zergling x2  
  50  4:03  Zergling x2  
  51  4:10  Drone  
  51  4:12  Overlord  
  52  4:18  Overlord  
  52  4:24  Overlord  
  45  4:39  Zergling x6  
  45  4:40  Zergling x8  
  47  4:50  Zergling x2  
  47  4:51  Zergling x2  
  48  4:54  Drone  
  48  4:55  Drone, Zergling x4  
  48  4:56  Zergling x4  
  54  5:10  Zergling x4  
  54  5:11  Drone, Zergling x4  
  59  5:18  Zergling x2  
  59  5:19  Zergling x2  
  61  5:23  Drone x2  
  61  5:24  Zergling x6  
Show
View Real Time Build Order
Export as new Build Order

Massa Terran - Winner!

Build Orders:  

Get SALT Encoding   

  12  0:07  SCV  
  13  0:16  Supply Depot  
  13  0:19  SCV  
  14  0:31  SCV  
  15  0:39  Barracks  
  15  0:43  SCV  
  16  0:55  SCV  
  17  1:12  SCV  
  18  1:24  SCV  
  19  1:36  SCV  
  19  1:39  Marine  
  21  1:40  Barracks  
  21  1:45  Refinery  
  21  1:57  Orbital Command, Barracks, Marine  
  22  2:15  Marine  
  23  2:17  Command Center  
  23  2:35  Supply Depot  
  23  2:37  Supply Depot  
  23  2:57  Barracks Tech Lab, Marine x2, SCV  
  26  3:04  Barracks  
  26  3:11  Supply Depot  
  26  3:14  SCV, Marine x2  
  29  3:22  Marauder  
  31  3:29  SCV  
  31  3:32  Marine x2  
  34  3:34  SCV  
  35  3:41  SCV  
  35  3:42  Factory  
  35  3:44  Marauder  
  38  3:50  Marine x2  
  38  3:51  SCV  
  38  3:53  Marine  
  42  4:05  Marauder  
  42  4:08  Marine x2  
  42  4:09  Refinery  
  46  4:11  SCV x2  
  46  4:15  Marine  
  49  4:26  Marauder, Marine x2  
  53  4:33  Marine  
  53  4:43  Marine x2  
  54  4:48  Marauder  
  54  4:51  Marine  
  57  5:06  Marine x2  
  59  5:08  Marine  
  59  5:09  Marauder  
  62  5:24  Marine x2  
  60  5:30  Marauder  
  54  5:50  Factory Tech Lab  
Show
View Real Time Build Order
Export as new Build Order

eYeballz Protoss 

Build Orders: 1 Gate Expand 

Get SALT Encoding   

  12  0:01  Probe  
  13  0:16  Probe, Pylon  
  14  0:24  Probe  
  15  0:32  Probe  
  15  0:39  Gateway  
  16  0:44  Probe  
  17  0:56  Probe  
  18  1:05  Probe  
  19  1:13  Probe  
  20  1:27  Nexus  
  20  1:28  Zealot  
  20  1:31  Probe  
  23  1:37  Assimilator  
  23  1:50  Cybernetics Core  
  23  2:03  Pylon  
  23  2:18  Probe  
  26  2:26  Probe  
  24  2:35  Adept  
  24  2:36  Probe  
  27  2:39  Probe  
  29  2:46  Assimilator  
  29  2:48  Probe  
  29  2:51  Probe  
  31  2:56  Gateway  
  31  2:58  Pylon  
  31  3:00  Probe x2  
  33  3:05  Gateway  
  33  3:08  Probe  
  33  3:10  Sentry  
  33  3:12  Probe  
  35  3:17  Probe  
  37  3:24  Probe, Warp Gate  
  39  3:28  Gateway  
  39  3:31  Gateway  
  39  3:36  Probe  
  40  3:41  Gateway  
  40  3:44  Gateway  
  40  3:55  Zealot x2  
  44  4:00  Assimilator  
  44  4:01  Probe  
  45  4:03  Probe  
  46  4:10  Zealot  
  46  4:13  Probe  
  46  4:16  Probe  
  50  4:22  Zealot, Stalker  
  54  4:33  Pylon  
  54  4:35  Pylon  
  54  4:37  Pylon  
  54  4:42  Zealot  
  54  4:44  Probe x2  
  54  4:48  Pylon  
  54  4:50  Pylon  
  43  4:57  Probe  
  32  5:16  Zealot x6  
  32  5:17  Zealot  
  36  5:42  Stalker x4  
Show
View Real Time Build Order
Export as new Build Order

Jobi Terran 

Build Orders:  

Get SALT Encoding   

  12  0:01  SCV  
  13  0:13  SCV  
  14  0:19  Supply Depot  
  14  0:25  SCV  
  15  0:31  Refinery  
  15  0:40  SCV  
  16  0:46  Barracks  
  16  0:52  SCV  
  17  0:59  Refinery  
  17  1:05  SCV  
  17  1:17  SCV  
  18  1:25  Barracks  
  18  1:34  Marine  
  18  1:37  SCV  
  20  1:48  Supply Depot  
  20  1:49  SCV  
  20  1:53  Marine  
  22  2:01  SCV  
  22  2:11  Marine  
  22  2:15  Factory  
  23  2:17  SCV  
  23  2:20  Marine  
  25  2:29  SCV  
  26  2:37  Marine, Supply Depot  
  26  2:42  Barracks Tech Lab  
  27  2:44  SCV  
  28  2:56  Orbital Command  
  28  2:58  Factory Tech Lab  
  28  3:01  Barracks Reactor  
  28  3:10  Combat Shield  
  28  3:19  Siege Tank  
  31  3:43  Command Center  
  31  3:47  Marauder  
  36  3:55  Siege Tank  
  36  4:01  Marine  
  37  4:03  SCV  
  37  4:07  Supply Depot  
  38  4:15  Starport  
  38  4:21  SCV  
  39  4:29  Marine  
  39  4:30  Barracks  
  37  4:39  Marine x2  
  28  4:47  Marine  
  29  4:57  Marine  
  27  5:01  Marine  
  27  5:04  Marine  
  26  5:15  Reaper  
  26  5:20  Marine  
Tags
 
Add a new tag
Caveats
  • Supply blocks, unpowered buildings, or Contaminate may cause inaccurate times.
  • Supply counts are checked every 10 seconds.